 Dungeon Sprint DCSS version 0.26-a0-662-g8b9c6dab81 (webtiles) character file.

Game seed: 4109807329537026499

2141 sahdkjhfkaj the Arsonist (level 9, -14/45 HPs)
             Began as a Deep Elf Fire Elementalist on Oct 9, 2020.
             Was a High Priest of Sif Muna.
             Demolished by Erolcha
             ... wielding a +0 giant club
              (44 damage)
             ... in the Dungeon (Sprint VII: "The Pits").
             The game lasted 00:03:39 (1374 turns).

sahdkjhfkaj the Arsonist (DEFE)                     Turns: 1374, Time: 00:03:39

Health: -14/45     AC:  3    Str:  5    XL:     9   Next: 9%
Magic:  10/26      EV: 16    Int: 24    God:    Sif Muna [*****.]
Gold:   0          SH:  0    Dex: 18    Spells: 21/31 levels left

rFire    . . .     SeeInvis .   p - +2 scimitar (holy)
rCold    . . .     Faith    .   (no shield)
rNeg     . . .     Spirit   .   a - +0 robe
rPois    .         Reflect  .   (no helmet)
rElec    .         Harm     .   (no cloak)
rCorr    .         Rampage  .   q - +0 pair of gloves
MR       .....     NoTele   +   (no boots)
Stlth    ++........             (no amulet)
HPRegen  0.15/turn              k - +3 ring of evasion
MPRegen  0.20/turn              m - +3 ring of dexterity

@: sleeping
A: no striking features
a: Channel Magic, Forget Spell, Divine Exegesis, Renounce Religion


You were in the Dungeon.
You worshipped Sif Muna.
Sif Muna was extremely pleased with you.
You visited 1 branch

Inventory:

Hand Weapons
 p - a +2 scimitar of holy wrath (weapon)
Armour
 a - a +0 robe (worn)
 q - a +0 pair of gloves (worn)
Jewellery
 k - a +3 ring of evasion (left hand)
 m - a +3 ring of dexterity (right hand)
Scrolls
 i - 3 scrolls of remove curse
 j - 5 scrolls of amnesia
 l - 2 scrolls of vulnerability
Potions
 b - 2 potions of invisibility
 c - 9 potions of heal wounds
 d - 5 potions of curing
 e - a potion of haste
 f - 4 potions of magic
 g - 5 potions of berserk rage
 n - 3 potions of mutation
 o - a potion of might


   Skills:
 - Level 2.4 Dodging
 - Level 2.4 Stealth
 + Level 11.8 Spellcasting
 * Level 13.4 Conjurations
 * Level 13.6 Fire Magic
 + Level 5.9 Invocations


You had 21 spell levels left.
You knew the following spells:

 Your Spells              Type           Power        Failure   Level
a - Foxfire               Conj/Fire      ####         1%          1
f - Fireball              Conj/Fire      ######....   1%          5
s - Sticky Flame          Conj/Fire      ######..     1%          4

Your spell library contained the following spells:

 Spells                   Type           Power        Failure   Level
 Conjure Flame            Conj/Fire      ######..     1%          3
 Inner Flame              Hex/Fire       #####...     1%          3
 Hailstorm                Conj/Ice       #####...     2%          4
 Confusing Touch          Hex            ##......     13%         3
 Leda's Liquefaction      Hex/Erth       ##........   41%         4
 Metabolic Englaciation   Hex/Ice        ##........   77%         5
 Yara's Violent Unravell  Hex/Tmut       ##........   77%         5
 Invisibility             Hex            ##......     100%        6
 Shatter                  Erth           ##........   100%        9


Dungeon Overview and Level Annotations

Branches:
Dungeon (1/1)

Altars:
Ashenzari
Cheibriados
Dithmenos
Elyvilon
Fedhas
Gozag
Hepliaklqana
Kikubaaqudgha
Makhleb
Nemelex Xobeh
Okawaru
Qazlal
Ru
Sif Muna
Trog
Uskayaw
Vehumet
Wu Jian
Xom
Yredelemnul
Zin
The Shining One
Beogh
Jiyva
Lugonu

Annotations:
D Erolcha


Message History

You kill the black bear!
Sif Muna accepts your kill.
You have reached level 9!
Your experience leads to an increase in your attributes!
Your base attributes are Str 5, Int 23, Dex 15.
Increase (S)trength, (I)ntelligence, or (D)exterity?
You feel clever.
Casting: Sticky Flame (safe; 1% risk of failure)
Confirm with . or Enter, or press ? or * to list all spells.
Aiming: Sticky Flame (safe; 1% risk of failure)
Press: ? - help, Shift-Dir - straight line, f - dream sheep
Aim: a dream sheep (severely wounded)
The sticky flame hits the dream sheep!
You kill the dream sheep!
Sif Muna accepts your kill.
The dream sheep shake their wool and sparkle.
You feel drowsy...
You fall asleep.
Erolcha hits you with a +0 giant club!!!
Ouch! That really hurt!
You die...

############ #_________.#
#_________.#
#_______...###########++####
##########'##...............
#..(.')))'.##......#..#.....
##########.##Y..............
#..........@OY..............
#'#####'#####......#..#.....
#.#..#...'.##...............
#.#..#...#.#####'#####''####
#.#..#####.##.......##.O#
#.#..(...#.##.......##..#
#.#..)...'(##.......##h.#
#.#..########...<...##..####
#.#..'.)))[##.......##..#..h


You could see Erolcha and 2 dream sheep.

Vanquished Creatures
  A deep elf mage (D)
  A gargoyle (D)
  3 dream sheep (D)
  A floating eye (D)
  A black bear (D)
  3 wolves (D)
  A big kobold (D)
  An orc wizard (D)
  An orc priest (D)
  A hound (D)
  2 iguanas (D)
  A gnoll (D)
  An adder (D)
  2 oozes (D)
  An adder skeleton (D)
  A leopard gecko (D)
  2 goblins (D)
  2 jackals (D)
  2 kobolds (D)
  2 bats (D)
  A frilled lizard (D)
  2 rats (D)
33 creatures vanquished.

Vanquished Creatures (collateral kills)
  A deep elf mage (D)
  A red devil (D)
2 creatures vanquished.

Vanquished Creatures (others)
  32 foxfires (D)
32 creatures vanquished.

Grand Total: 67 creatures vanquished

Notes
Turn   | Place    | Note
-------+----------+-------------------------------------------
     0 | D        | sahdkjhfkaj the Deep Elf Fire Elementalist began the quest
                  | for the Orb.
     0 | D        | Reached XP level 1. HP: 10/10 MP: 6/6
    48 | D        | Found a bloodstained altar of Trog.
    48 | D        | Found a shimmering blue altar of Sif Muna.
    48 | D        | Found a viscous altar of Jiyva.
    48 | D        | Found a hazy altar of Hepliaklqana.
    48 | D        | Found an opulent altar of Gozag.
    49 | D        | Found a glowing golden altar of the Shining One.
    49 | D        | Found a glowing silver altar of Zin.
    49 | D        | Found a basalt altar of Yredelemnul.
    49 | D        | Found a shimmering altar of Xom.
    49 | D        | Found an ornate altar of the Wu Jian Council.
    49 | D        | Found a sacrificial altar of Ru.
    49 | D        | Found a stormy altar of Qazlal.
    49 | D        | Found an iron altar of Okawaru.
    49 | D        | Found a sparkling altar of Nemelex Xobeh.
    49 | D        | Found a burning altar of Makhleb.
    49 | D        | Found a blossoming altar of Fedhas.
    49 | D        | Found a white marble altar of Elyvilon.
    49 | D        | Found a shadowy altar of Dithmenos.
    49 | D        | Found a snail-covered altar of Cheibriados.
    50 | D        | Found a radiant altar of Vehumet.
    50 | D        | Found a corrupted altar of Lugonu.
    50 | D        | Found a roughly hewn altar of Beogh.
    51 | D        | Found an ancient bone altar of Kikubaaqudgha.
    51 | D        | Found a hide-covered altar of Uskayaw.
    51 | D        | Found a broken altar of Ashenzari.
    54 | D        | Became a worshipper of Sif Muna the Loreminder
    92 | D        | Reached * piety under Sif Muna
    92 | D        | Reached XP level 2. HP: 13/15 MP: 0/8
   262 | D        | Noticed a big kobold
   264 | D        | Reached ** piety under Sif Muna
   264 | D        | Reached skill level 5 in Fire Magic
   428 | D        | Killed a big kobold
   428 | D        | Reached skill level 5 in Spellcasting
   428 | D        | Reached XP level 3. HP: 3/19 MP: 4/12
   428 | D        | Reached XP level 4. HP: 4/24 MP: 4/13
   774 | D        | Learned a level 4 spell: Sticky Flame
   816 | D        | Noticed a floating eye
   817 | D        | Noticed a deep elf mage
   860 | D        | Paralysed by a floating eye for 2 turns
   866 | D        | Killed a floating eye
   866 | D        | Reached *** piety under Sif Muna
   866 | D        | Reached XP level 5. HP: 28/28 MP: 14/16
   885 | D        | Learned a level 5 spell: Fireball
   892 | D        | Killed a deep elf mage
   892 | D        | Reached skill level 10 in Conjurations
   892 | D        | Reached XP level 6. HP: 32/32 MP: 1/20
   892 | D        | Reached XP level 7. HP: 36/36 MP: 1/22
   897 | D        | Reached **** piety under Sif Muna
  1043 | D        | Reached ***** piety under Sif Muna
  1106 | D        | Noticed a red devil
  1106 | D        | Noticed a deep elf mage
  1110 | D        | Killed a red devil
  1110 | D        | Identified Unwig's Catalogue of the Dusty Snowflakes (Sif
                  | Muna gifted it to you in the Dungeon)
  1110 | D        | Received a gift from Sif Muna
  1110 | D        | Reached skill level 10 in Spellcasting
  1110 | D        | Reached skill level 1 in Invocations
  1112 | D        | Killed a deep elf mage
  1341 | D        | Noticed a dream sheep
  1341 | D        | Noticed a dream sheep
  1341 | D        | Noticed a dream sheep
  1341 | D        | Noticed a dream sheep
  1341 | D        | Noticed a dream sheep
  1345 | D        | Killed a dream sheep
  1345 | D        | Reached XP level 8. HP: 25/41 MP: 13/24
  1345 | D        | Killed a dream sheep
  1345 | D        | Killed a gargoyle
  1345 | D        | Identified Covvygap's Disquisition on Curses (Sif Muna
                  | gifted it to you in the Dungeon)
  1345 | D        | Received a gift from Sif Muna
  1345 | D        | Reached skill level 5 in Invocations
  1345 | D        | Noticed Erolcha
  1362 | D        | HP: 2/41 [dream sheep (20)]
  1371 | D        | Reached XP level 9. HP: 30/45 MP: 13/26
  1374 | D        | Demolished by Erolcha

Illustrated notes

Levels and vault maps discovered:
D:        pitsprint [storerooms_1, entrance_room_1, metal_vault_1, armoury_2,
          mini_pit_1, grid_room_1, main_hall_1, silver_pit, the_coven_1,
          the_vestibule_1, steel_vault_3, golden_pit, hallway_of_sentries,
          crystal_vault_2, iron_vault_5, final_vault]

Skill      XL: |  1  2  3  4  5  6  7  8 |
---------------+-------------------------+-----
Conjurations   | 2 6 8 10 12 13 | 13.4
Fire Magic     | 4 6 8 11 12 13 | 13.6
Spellcasting   | 5 7 9 10 11 | 11.8
Invocations    | 3 5 |  5.9
Dodging        | |  2.4
Stealth        | |  2.4

Action                   |  1- 3 |  4- 6 |  7- 9 || total
-------------------------+-------+-------+-------++-------
Melee: Falchion          |     3 |       |       ||     3
       Long sword        |       |     3 |     5 ||     8
 Cast: Foxfire           |    24 |       |       ||    24
       Sticky Flame      |       |     1 |     4 ||     5
       Fireball          |       |     2 |     3 ||     5
       Shatter           |       |       |     1 ||     1
Invok: Divine Exegesis   |       |       |     1 ||     1
  Use: Potion            |     2 |       |     2 ||     4
       Scroll            |       |       |     2 ||     2
 Stab: Sleeping          |     1 |       |       ||     1
Armor: Robe              |       |       |     1 ||     1
Dodge: Dodged            |    13 |     1 |    17 ||    31
       Rpst.: Falchion   |     4 |       |       ||     4
       Long sword        |       |       |     2 ||     2
       Scimitar          |       |       |     3 ||     3

Table legend: (Time is in decaauts)
 A = Elapsed time spent in this place.
 B = Non-inter-level travel time spent in this place.
 C = Inter-level travel time spent in this place.
 D = Time resting spent in this place.
 E = Time spent auto-exploring this place.
 F = Levels seen in this place.
 G = Mean time per level.
                   A        B        C        D        E       F      G
               +--------+--------+--------+--------+--------+-----+--------+
         Total |   1375 |   1305 |     70 |    971 |      0 |   1 | 1375.0 |
       Dungeon |   1375 |   1305 |     70 |    971 |      0 |   1 | 1375.0 |
               +--------+--------+--------+--------+--------+-----+--------+

Top non-repeatable levels by time:
       D: 1375 daAuts
